 Dungeon Crawl Stone Soup version 0.29.1-1-gd02db6906a (webtiles) character file.

Game seed: 1586605543743392538

349 Earthwalker the Poker (level 6, -2/53 HPs)
             Began as a Minotaur Fighter on Oct 11, 2022.
             Slain by a river rat (3 damage)
             ... in a sewer.
             The game lasted 00:09:20 (3359 turns).

Earthwalker the Poker (Minotaur Fighter)            Turns: 3359, Time: 00:09:21

Health: -2/53      AC:  7    Str: 23    XL:     6   Next: 33%
Magic:  5/5        EV: 10    Int:  5    God:
Gold:   167        SH:  4    Dex:  9    Spells: 5/5 levels left

rFire   . . .      SeeInvis .   a - +0 trident
rCold   + . .      Faith    .   c - +0 buckler
rNeg    . . .      Spirit   .   b - +0 scale mail
rPois   +          Reflect  .   (helmet restricted)
rElec   .          Harm     .   (no cloak)
rCorr   .          Rampage  .   (no gloves)
Will    .....                   (no boots)
Stlth   ..........              (no amulet)
HPRegen 0.17/turn               h - ring of protection from cold
MPRegen 0.09/turn               i - ring of poison resistance

@: no status effects
A: horns 2, retaliatory headbutt
a: no special abilities


You were in a sewer.
You visited 1 branch of the dungeon, and saw 4 of its levels.
You also visited: Sewer.

You collected 167 gold pieces.

Inventory:

Hand Weapons
 a - a +0 trident (weapon)
 r - the +4 rapier "Tukohiv" {flame, Will+}
   (You found it on level 2 of the Dungeon)

   It burns those it strikes, dealing additional fire damage.
   Will:      It increases your willpower.
 x - a +2 spear of venom
Missiles
 m - a poisoned dart (quivered)
Armour
 b - a +0 scale mail (worn)
 c - a +0 buckler (worn)
Jewellery
 h - a ring of protection from cold (left hand)
 i - a ring of poison resistance (right hand)
 l - a ring of protection from cold
 u - a ring of protection from fire
Scrolls
 e - a scroll of enchant weapon {unknown}
 f - a scroll of silence {unknown}
 g - a scroll of noise {unknown}
 n - 2 scrolls of magic mapping {unknown}
 o - 7 scrolls of identify {unknown}
 q - 4 scrolls of teleportation {unknown}
 s - 2 scrolls of vulnerability {unknown}
 v - a scroll of immolation {unknown}
 y - a scroll of fear {unknown}
 A - a scroll of enchant armour {unknown}
 B - a scroll of amnesia {unknown}
Potions
 d - a potion of might
 j - 2 potions of curing {unknown}
 k - a potion of mutation {unknown}
 p - 2 potions of invisibility {unknown}
 t - a potion of heal wounds {unknown}
 w - 4 potions of degeneration
 z - 6 potions of flight


   Skills:
 * Level 4.6 Fighting
 * Level 5.4 Polearms
 * Level 5.1 Armour
 * Level 2.1 Dodging
 * Level 4.5 Shields


You had 5 spell levels left.
You didn't know any spells.
Your spell library contained the following spells:

 Spells                   Type           Power      Damage    Failure   Level
 Magic Dart               Conj           0%         1d3       86%         1
 Call Imp                 Summ           0%         N/A       94%         2
 Confusing Touch          Hex            0%         N/A       99%         3
 Mephitic Cloud           Conj/Pois/Air  0%         N/A       99%         3
 Summon Guardian Golem    Hex/Summ       0%         N/A       99%         3
 Anguish                  Hex/Necr       0%         N/A       100%        4
 Animate Dead             Necr           0%         N/A       100%        4


Dungeon Overview and Level Annotations

Branches:
Dungeon (4/15)              Sewer (1/1)
 Temple: D:4-7

Altars:


Innate Abilities, Weirdness & Mutations

You have a pair of horns on your head.
You reflexively headbutt those who attack you in melee.


Message History

The river rat is lightly wounded.
The river rat bites you but does no damage.
The river rat bites you.
You hit the river rat but do no damage.
The river rat is lightly wounded.
The river rat bites you but does no damage.
You block the river rat's attack.
You completely miss the river rat.
You headbutt the river rat, but do no damage.
The river rat is heavily wounded.
The river rat bites you but does no damage.
The river rat bites you.
You barely miss the river rat.
The river rat is heavily wounded.
The river rat bites you. x2
You closely miss the river rat. You headbutt the river rat.
The river rat is severely wounded.
You block the river rat's attack. The river rat bites you.
* * * LOW HITPOINT WARNING * * *
You barely miss the river rat.
The river rat is severely wounded.
The river rat bites you!
* * * LOW HITPOINT WARNING * * *
The river rat bites you.
* * * LOW HITPOINT WARNING * * *
You closely miss the river rat.
The river rat is severely wounded.
The river rat barely misses you. You block the river rat's attack.
You closely miss the river rat. You headbutt the river rat.
You kill the river rat!
You block the river rat's attack.
You closely miss the river rat.
The river rat is lightly wounded.
You block the river rat's attack.
You hit the river rat. You headbutt the river rat!
The river rat is almost dead.
The river rat bites you.
* * * LOW HITPOINT WARNING * * *
The river rat bites you.
You die...

################################
≈≈≈≈≈≈≈~~~~~~.~.†~~~~~~~~~..~.~~
≈≈≈≈≈≈≈~≈≈≈≈≈≈≈≈≈≈≈≈≈≈≈≈≈≈≈≈≈≈≈≈
≈≈≈≈≈≈≈~≈~~..~~~~~~~~~~~~~~~~.~.
#######~≈~######################
#~≈~# ###### #.≈~# ....#
#~≈~#####'†#####++
#.~~~.~..@r.......
#.~~~~............
#~≈~#####''#####++ #.≈~# #[...#
###### #.≈~# ######
.....###~≈~#######
......##†≈~~~~~~..
....####.≈.≈≈≈≈≈≈≈ ..###
#~≈~~.~~~~~


You could see a river rat.

Vanquished Creatures
  A scorpion (D:4)
  A necrophage (D:4)
  Robin (D:3)
  7 adders
  3 gnolls (D:4)
  3 river rats
  3 worms
  A dart slug (D:1)
  4 orcs (D:3)
  13 ball pythons
  3 endoplasms
  4 giant cockroaches
  12 goblins
  7 hobgoblins
  4 jackals (Sewer)
  10 kobolds
  2 quokkas
  7 bats
  A frilled lizard (D:2)
  7 rats
94 creatures vanquished.

Notes
Turn   | Place    | Note
-------+----------+-------------------------------------------
     0 | D:1      | Earthwalker the Minotaur Fighter began the quest for the
                  | Orb.
     0 | D:1      | Reached XP level 1. HP: 19/19 MP: 0/0
    96 | D:1      | Reached XP level 2. HP: 27/27 MP: 1/1
   823 | D:2      | Reached XP level 3. HP: 26/33 MP: 2/2
  1260 | D:2      | Identified the +4 war axe "Dupnoloo" {flame, SInv}
  1268 | D:2      | Identified the +4 rapier "Tukohiv" {flame, Will+}
  1283 | D:2      | Got Cikhot's Collected Works on Profane Arts and
                  | Imprecation
  1834 | D:3      | Reached skill level 1 in Dodging
  1834 | D:3      | Reached XP level 4. HP: 37/40 MP: 3/3
  2135 | D:3      | Found a faded altar of an unknown god.
  2175 | D:3      | Noticed Robin
  2187 | D:3      | Killed Robin
  2627 | D:4      | Noticed a necrophage
  2633 | D:4      | Killed a necrophage
  2634 | D:4      | Reached XP level 5. HP: 46/46 MP: 4/4
  2677 | D:4      | Reached skill level 5 in Polearms
  2831 | D:4      | Reached XP level 6. HP: 25/53 MP: 5/5
  2948 | D:4      | Found a glowing drain.
  2951 | D:4      | Reached skill level 5 in Armour
  2959 | Sewer    | Entered a sewer
  3359 | Sewer    | HP: 1/53 [river rat (5)]
  3359 | Sewer    | Slain by a river rat

Illustrated notes

Levels and vault maps discovered:
D:1:      spicycebolla_green_bress_n_ham, layout_loops_cross
D:2:      minmay_door_path, layout_loops_ring, serial_park_tiny_2, minmay_puff
D:3:      layout_loops_ring, hellmonk_ecumenical_altar_pennies_from_heaven,
          uniq_robin
D:4:      layout_loops_ring, portal_sewer_entry_e
Sewer:    sewer_fruit_machine

Skill      XL: |  1  2  3  4  5  6 |
---------------+-------------------+-----
Armour         | 4 5 |  5.1
Shields        | 4 |  4.5
Fighting       | 4 |  4.6
Polearms       | 3 4 5 |  5.4
Dodging        | 1 2 |  2.1

Action                   |  1- 3 |  4- 6 || total
-------------------------+-------+-------++-------
Melee: Trident           |   116 |   143 ||   259
       Headbutt          |     7 |    19 ||    26
Throw: Dart              |       |     2 ||     2
Armor: Scale mail        |    40 |    44 ||    84
Dodge: Dodged            |    37 |    82 ||   119
Block: Buckler           |    16 |    29 ||    45
